 Dungeon Crawl Stone Soup version 0.13-a0-2485-g242ae62 (webtiles) character file.

2559 JogiH the Magician (level 9, 0/78 HPs)
             Began as a Djinni Transmuter on July 21, 2013.
             Was a Follower of Sif Muna.
             Slain by a killer bee (1 damage)
             ... while paralysed by a potion of paralysis
             ... on Level 7 of the Dungeon.
             The game lasted 00:34:30 (9813 turns).

JogiH the Magician (Djinni Transmuter)              Turns: 9813, Time: 00:34:30

HP   0/78        AC  3     Str  9      XL: 9   Next: 13%
MP   0/0         EV  2     Int 18      God: Sif Muna [*.....]
Gold 344         SH  0     Dex 14      Spells:  7 memorised,  2 levels left

Res.Fire  : + + +   See Invis. : .     - Unarmed
Res.Cold  : x . .   Warding    : .   c - +0 robe
Life Prot.: + + +   Conserve   : .   (no shield)
Res.Poison: +       Res.Corr.  : .   (no helmet)
Res.Elec. : .       Clarity    : .   (no cloak)
Sust.Abil.: . .     Spirit.Shd : .   x - +0 pair of elf gloves
Res.Mut.  : .       Stasis     : .   (boots unavailable)
Res.Rott. : .       Flight     : .   (no amulet)
Saprovore : . . .                    (no ring)
                                     (no ring)

@: paralysed, mildly poisoned, slightly resistant to hostile enchantments,
unstealthy
A: deterioration 1, poison resistance, Str -1, Dex +1
a: Channel Energy, Renounce Religion


You were on level 7 of the Dungeon.
You worshipped Sif Muna.
Sif Muna was most pleased with you.
You were not hungry.

You visited 2 branches of the dungeon, and saw 8 of its levels.
You also visited: Sewer.

You collected 324 gold pieces.

Inventory:

Missiles
 b - 109 arrows
 m - 6 javelins (quivered)
Armour
 c - a +0 robe (worn)
 x - a +0 pair of elven gloves (worn)
 C - a +0 buckler
Magical devices
 f - a wand of random effects (3) {unknown}
 v - a wand of slowing (7) {unknown}
Scrolls
 g - 3 scrolls of remove curse {unknown}
 i - 2 scrolls of curse jewellery {unknown}
 k - a scroll of curse weapon {unknown}
 l - 4 scrolls of enchant weapon II {unknown}
 n - a scroll of enchant armour {unknown}
 o - a scroll of magic mapping {unknown}
 p - 3 scrolls of fear {unknown}
 t - 7 scrolls of identify {unknown}
 y - a scroll of curse armour {unknown}
 B - 2 scrolls of blinking {unknown}
 E - a scroll of recharging {unknown}
 G - a scroll of immolation {unknown}
Jewellery
 j - an uncursed amulet of warding {unknown}
Potions
 a - 2 potions of mutation
 e - 2 potions of paralysis
 h - a potion of restore abilities {unknown}
 q - 3 potions of flight {unknown}
 r - a potion of agility {unknown}
 s - 2 potions of resistance {unknown}
 u - a potion of curing {unknown}
 w - a potion of brilliance {unknown}
 z - a potion of heal wounds {unknown}
 A - a potion of berserk rage {unknown}
Books
 d - a book of Changes

   Spells                             Type                      Level
   *Beastly Appendage                 Transmutation                1
   *Sticks to Snakes                  Transmutation                2
   *Spider Form                       Transmutation/Poison         3
   Ice Form                           Ice/Transmutation            4
   *Blade Hands                       Transmutation                5
 D - a book of War Chants

   Spells                             Type                      Level
   Fire Brand                         Charms/Fire                  2
   Freezing Aura                      Charms/Ice                   2
   *Shroud of Golubria                Charms/Translocation         2
   *Repel Missiles                    Charms/Air                   2
   Poison Weapon                      Charms/Poison                3
   *Regeneration                      Charms/Necromancy            3


   Skills:
 * Level 5.2 Fighting
 + Level 5.7 Dodging
 - Level 4.1 Unarmed Combat
 + Level 6.3 Spellcasting
 * Level 1.9 Charms
 - Level 1.0 Translocations
 * Level 4.9 Transmutations
 - Level 2.0 Air Magic
 - Level 1.0 Poison Magic
 + Level 1.4 Invocations


You had 2 spell levels left.
You knew the following spells:

 Your Spells              Type           Power        Failure   Level  Hunger
a - Beastly Appendage     Trmt           ###...       1%          1    None
b - Spider Form           Trmt/Pois      ###.......   12%         3    ##.....
c - Shroud of Golubria    Chrm/Tloc      ##........   12%         2    None
d - Repel Missiles        Chrm/Air       ##........   10%         2    None
e - Sticks to Snakes      Trmt           ###.......   1%          2    None
f - Blade Hands           Trmt           ###.......   41%         5    #####..
g - Regeneration          Chrm/Necr      #.........   24%         3    ##.....


Dungeon Overview and Level Annotations

Branches:
Dungeon (7/27)             Temple (1/1) D:5             Orc (0/4) D:6

Altars:
Ashenzari
Cheibriados
Elyvilon
Fedhas
Kikubaaqudgha
Makhleb
Nemelex Xobeh
Okawaru
Sif Muna
Trog
Vehumet
Xom
Yredelemnul
Zin
the Shining One

Shops:
D:7: =


Innate Abilities, Weirdness & Mutations

You are immune to all types of fire, even holy and hellish.
You are vulnerable to cold.
You need no food.
You have no legs.
Your body is slowly deteriorating.
Your muscles are flexible, but weak (Str -1, Dex +1).
Your system is resistant to poisons.*


Message History

You feel extremely strange.
You feel healthy.
Your muscles feel loose.
You feel yourself wasting away.
It was a potion of mutation.
The killer bee closely misses you. The killer bee closely misses you.
The killer bee stings you.
* * * LOW HITPOINT WARNING * * *
The killer bee stings you.
* * * LOW HITPOINT WARNING * * *
The killer bee closely misses you.
The killer bee buzzes angrily.
The killer bee stings you!
* * * LOW HITPOINT WARNING * * *
The killer bee stings you but does no damage.
Drink which item? (? for menu, Esc to quit)
You suddenly lose the ability to move!
It was a potion of paralysis.
The killer bee stings you.
* * * LOW HITPOINT WARNING * * *
The killer bee barely misses you. The killer bee stings you.
You die...

.##.#.........####...#####k#####.
###.##.......## #.......#.#
....###.....## #.......k.# #####
##...## #.#.###k### ##'## #...#
#k# #.# #.### #.# #.# #.#####.#
######.########kk.....# ##
#............@kk####### .#
#.##.....######## .# #.###....#
.###.####.#.# ..........#.#
.###.######.# .# #.# #.# .#
#.######.# ## #........#


You could see 4 killer bees.

Vanquished Creatures
  A trapdoor spider (D:6)
  4 yaks (D:7)
  An orc warrior (D:5)
  Purgy (Sewer)
  An ice beast (D:7)
  An ogre (D:6)
  2 sky beasts
  A centaur (D:6)
  A giant frog (D:7)
  A manticore zombie (D:6)
  3 goliath beetles
  2 crimson imps (D:5)
  3 hounds
  An orc priest (D:7)
  3 orc wizards
  An iguana (D:5)
  A jelly (D:7)
  2 worker ants
  5 adders
  A green rat (D:6)
  A giant mite (D:7)
  6 worms
  A giant eyeball (D:5)
  A giant gecko (D:7)
  An ooze (D:2)
  14 orcs
  10 bats
  10 goblins
  8 hobgoblins
  13 jackals
  14 kobolds
  3 quokkas
  7 giant cockroaches
  5 giant newts
  A hobgoblin skeleton (D:4)
  A kobold zombie (D:6)
  A quokka skeleton (D:6)
  A quokka zombie (D:5)
  12 rats
146 creatures vanquished.

Vanquished Creatures (others)
  An orc (D:7)
  A quokka (D:7)
2 creatures vanquished.

Grand Total: 148 creatures vanquished

Notes
Turn   | Place    | Note
--------------------------------------------------------------
     0 | D:1      | JogiH, the Djinni Transmuter, began the quest for the Orb.
     0 | D:1      | Reached XP level 1. HP: 14/14 MP: 0/0
   364 | D:1      | Reached XP level 2. EP: 18/21
   443 | D:1      | Found a glowing golden altar of the Shining One.
   450 | D:1      | Reached skill level 3 in Unarmed Combat
   700 | D:1      | Reached skill level 1 in Fighting
  1055 | D:2      | Reached XP level 3. EP: 8/28
  1384 | D:2      | Learned a level 3 spell: Spider Form
  2645 | D:2      | Reached XP level 4. EP: 33/35
  3684 | D:4      | Reached XP level 5. EP: 20/43
  4058 | D:4      | Found an iron altar of Okawaru.
  4756 | D:5      | Entered Level 5 of the Dungeon
  4990 | D:5      | Reached skill level 1 in Poison Magic
  5082 | D:5      | Found a staircase to the Ecumenical Temple.
  5092 | Temple   | Entered the Ecumenical Temple
  5165 | Temple   | Became a worshipper of Sif Muna the Loreminder
  5214 | D:5      | Reached skill level 4 in Spellcasting
  5214 | D:5      | Reached XP level 6. EP: 44/51
  5386 | D:5      | Noticed a sky beast
  5430 | D:5      | Killed a sky beast
  5532 | D:5      | Paralysed by a giant eyeball for 3 turns
  5993 | D:6      | Reached XP level 7. EP: 33/60
  6116 | D:6      | Found an ancient bone altar of Kikubaaqudgha.
  6310 | D:6      | Reached skill level 5 in Spellcasting
  6563 | D:6      | Found a staircase to the Orcish Mines.
  6865 | D:6      | Found a glowing drain.
  6877 | Sewer    | Entered a sewer
  6956 | Sewer    | Noticed Purgy
  6988 | Sewer    | Killed Purgy
  6988 | Sewer    | Acquired Sif Muna's first power
  6988 | Sewer    | Reached XP level 8. EP: 24/70
  7216 | Sewer    | Learned a level 2 spell: Shroud of Golubria
  7219 | Sewer    | Learned a level 2 spell: Repel Missiles
  7388 | D:6      | Noticed a trapdoor spider
  7397 | D:6      | Killed a trapdoor spider
  7830 | D:7      | Found a white marble altar of Elyvilon.
  8014 | D:7      | Reached skill level 1 in Translocations
  8014 | D:7      | Reached skill level 1 in Air Magic
  8137 | D:7      | Reached skill level 5 in Dodging
  8137 | D:7      | Reached skill level 1 in Charms
  8137 | D:7      | Reached skill level 1 in Invocations
  8172 | D:7      | Reached skill level 6 in Spellcasting
  8182 | D:7      | Reached skill level 5 in Fighting
  8182 | D:7      | Reached XP level 9. EP: 55/78
  9454 | D:7      | Learned a level 2 spell: Sticks to Snakes
  9460 | D:7      | Learned a level 5 spell: Blade Hands
  9464 | D:7      | Learned a level 3 spell: Regeneration
  9596 | D:7      | Found Uguph's Jewellery Emporium.
  9806 | D:7      | Gained mutation: Your system is resistant to poisons. [potion of mutation]
  9806 | D:7      | Gained mutation: Your muscles are flexible, but weak (Str -1, Dex +1). [potion of mutation]
  9806 | D:7      | Gained mutation: Your body is slowly deteriorating. [potion of mutation]
  9812 | D:7      | Paralysed by a potion of paralysis for 7 turns
  9812 | D:7      | HP: 1/78 [killer bee (5)]
  9813 | D:7      | Slain by a killer bee

Action                   |  1- 3 |  4- 6 |  7- 9 || total
-------------------------+-------+-------+-------++-------
Melee: Unarmed           |   116 |   229 |   318 ||   663
Throw: Javelin           |     4 |       |       ||     4
 Cast: Beastly Appendage |    18 |    19 |    11 ||    48
       Spider Form       |     4 |    23 |    22 ||    49
       Shroud of Golubri |       |       |     7 ||     7
       Regeneration      |       |       |     1 ||     1
Invok: Channel Energy    |       |       |     5 ||     5
 Abil: End Transformatio |       |       |     1 ||     1
  Use: Potion            |       |       |     2 ||     2
 Stab: Sleeping          |     1 |       |       ||     1
